[Event "Titled Tuesday Blitz June 20 Early 2023"]
[White "Pulpan, Jakub"]
[Black "Skliarov, Viktor"]
[WhiteFideId "302759"]
[BlackFideId "14106736"]
[WhiteElo "2484"]
[BlackElo "2317"]
[Result "0-1"]
[Round "5"]
[TimeControl "180+2"]
[Date "2023.06.20"]
[WhiteClock "0:00:00"]
[BlackClock "0:00:03"]
[Board "75"]

1. a3 g6 2. g3 Bg7 3. Bg2 Nf6 4. e4 d6 5. d4 O-O 6. Ne2 e5 7. Nbc3 Nc6 8. dxe5 dxe5 9. Bg5 Qe8 10. h3 h6 11. Be3 Kh7 12. Bc5 Rg8 13. Nb5 Qd7 14. Qxd7 Bxd7 15. Nxc7 Rac8 16. Nd5 Nxd5 17. exd5 Nd4 18. Bxd4 exd4 19. O-O Rxc2 20. Bf3 Bxh3 21. Rfd1 Rxb2 22. Nxd4 Rd8 23. Rac1 Rd7 24. Bh1 h5 25. Rd3 Bh6 26. Re1 a6 27. Nb3 b6 28. Nd4 a5 29. Nc6 Bf5 30. Rdd1 a4 31. Ne5 Re7 32. d6 Re8 33. d7 Rd8 34. Bc6 Kg7 35. Bxa4 Bg5 36. Rd6 b5 0-1


[Site "https://www.chess.com"]

[Event "Titled Tuesday Blitz June 20 Early 2023"]
[White "Leenhouts, Koen"]
[Black "Darini, Pouria"]
[WhiteFideId "1008439"]
[BlackFideId "12502200"]
[WhiteElo "2409"]
[BlackElo "2482"]
[Result "0-1"]
[Round "5"]
[TimeControl "180+2"]
[Date "2023.06.20"]
[WhiteClock "0:00:04"]
[BlackClock "0:00:10"]
[Board "76"]

1. e4 c5 2. Nf3 Nc6 3. Bb5 e6 4. O-O Nge7 5. Re1 b6 6. c3 a6 7. Bf1 d5 8. exd5 Nxd5 9. d4 cxd4 10. Nxd4 Bb7 11. Nxc6 Bxc6 12. Nd2 Nf6 13. Nf3 Qxd1 14. Rxd1 Bc5 15. b4 Be7 16. Nd4 Ba4 17. Re1 O-O 18. a3 Rfd8 19. Bb2 Ne8 20. Rac1 Bg5 21. Ra1 Nd6 22. c4 Bf6 23. Rab1 Nxc4 24. Nxe6 Nxb2 25. Nxd8 Rxd8 26. Bxa6 h5 27. Bf1 b5 28. Rbc1 Nd3 29. Bxd3 Rxd3 30. g3 Rxa3 31. Rc5 g6 32. Rc6 Kg7 33. Rd1 Rc3 34. Rdd6 Rxc6 35. Rxc6 Be7 36. f4 Bxb4 37. Kf2 Bb3 38. Ke3 Bc4 39. Kd4 Be1 40. Rc7 Kf6 41. Rb7 Bf2+ 42. Kc3 Bg1 43. h3 Bh2 44. Rb6+ Kg7 45. g4 hxg4 46. hxg4 Bxf4 47. Kb4 Bd2+ 48. Ka3 b4+ 49. Kb2 Bc3+ 50. Kc2 Be6 51. g5 Kf8 52. Rb7 Be5 53. Kc1 b3 54. Kb1 Bf5+ 55. Kc1 b2+ 56. Rxb2 Bxb2+ 0-1


[Site "https://www.chess.com"]

[Event "Titled Tuesday Blitz June 20 Early 2023"]
[White "Aloma Vidal, Robert"]
[Black "Ajay Karthikeyan"]
[WhiteFideId "2260409"]
[BlackFideId "35011685"]
[WhiteElo "2435"]
[BlackElo "2321"]
[Result "1/2-1/2"]
[Round "5"]
[TimeControl "180+2"]
[Date "2023.06.20"]
[WhiteClock "0:00:12"]
[BlackClock "0:00:03"]
[Board "77"]

1. e4 g6 2. d4 Bg7 3. Nf3 d6 4. Nc3 a6 5. a4 Nf6 6. h3 O-O 7. Be3 Nc6 8. d5 Nb4 9. a5 c5 10. Bc4 Nd7 11. O-O b5 12. Be2 Bb7 13. Qd2 Rc8 14. Bh6 Nf6 15. Bxg7 Kxg7 16. Rfd1 Re8 17. Bf1 Qc7 18. Re1 e6 19. e5 Nfxd5 20. exd6 Qxd6 21. Ne4 Qf4 22. Rad1 Qxd2 23. Rxd2 Rcd8 24. Nxc5 Bc8 25. Ne5 f6 26. Nf3 Nc6 27. c4 bxc4 28. Bxc4 Nxa5 29. Bxa6 Bxa6 30. Nxe6+ Rxe6 31. Rxe6 Bc8 32. Re4 Bb7 33. Ra4 Nc6 34. Nd4 Nxd4 35. Rdxd4 Rd7 36. Ra5 Kf7 37. b4 Ke6 38. b5 Nc7 39. Rxd7 Kxd7 40. b6 Nd5 41. Rb5 Kc6 42. Rb3 Nxb6 43. Rf3 Nd5 44. h4 Kd6 45. h5 g5 46. Rd3 Bc8 47. Rb3 Ke5 48. Rb8 Bf5 49. h6 Bg6 50. Rf8 Ke6 51. g3 Ne7 52. Kh2 Nf5 53. f4 gxf4 54. gxf4 Nxh6 55. Kg3 Kf5 56. Kf3 Bh5+ 57. Kg3 Bg6 58. Kf3 Nf7 59. Kg3 Nd6 60. Kf3 Bh5+ 61. Ke3 Nc4+ 62. Kd4 Nd2 63. Ke3 Nf1+ 64. Kf2 Nd2 65. Ke3 Nb3 66. Rc8 Bg6 67. Rc3 Na1 68. Rc1 Nb3 69. Rc3 Na1 70. Rc1 Nb3 71. Rc3 1/2-1/2


[Site "https://www.chess.com"]

[Event "Titled Tuesday Blitz June 20 Early 2023"]
[White "Marek, Matyas"]
[Black "De La Villa Garcia, Jesus Maria"]
[WhiteFideId "335398"]
[BlackFideId "2200040"]
[WhiteElo "2302"]
[BlackElo "2536"]
[Result "0-1"]
[Round "5"]
[TimeControl "180+2"]
[Date "2023.06.20"]
[WhiteClock "0:00:14"]
[BlackClock "0:00:08"]
[Board "78"]

1. Nf3 d5 2. g3 Nc6 3. Bg2 e5 4. O-O Be6 5. d3 f6 6. e4 dxe4 7. dxe4 Qxd1 8. Rxd1 Bc5 9. c3 a5 10. Nbd2 Nge7 11. Nf1 Kf7 12. Be3 Bd6 13. h4 Rhd8 14. h5 a4 15. Nh4 g6 16. a3 Na5 17. Nd2 Nec6 18. hxg6+ hxg6 19. Bf1 Nb3 20. Nxb3 Bxb3 21. Rd2 Be7 22. Rxd8 Rxd8 23. Nf3 Na5 24. Nd2 c6 25. Nxb3 Nxb3 26. Re1 b5 27. Be2 Bc5 28. Rd1 Re8 29. Bg4 Bxe3 30. fxe3 Nc5 31. Rd6 Nxe4 32. Rxc6 Rd8 33. Rc7+ Kf8 34. Bd7 Nxg3 35. Bxb5 Rd2 36. Bxa4 Rxb2 37. Bc6 Ne2+ 38. Kf1 Nxc3 39. a4 Ra2 40. Ra7 Nd1 41. e4 Ne3+ 42. Ke1 f5 43. exf5 gxf5 44. Ra5 Nc2+ 45. Kf1 e4 46. Rxf5+ Ke7 47. Bxe4 Ne3+ 48. Ke1 Nxf5 49. Bxf5 Ra1+ 50. Ke2 Rxa4 51. Bd3 Ra3 52. Ke3 Kd6 53. Kd4 Ra4+ 54. Bc4 Ra8 55. Bd3 Rh8 56. Be4 Rh4 57. Ke3 Ke5 58. Bd3 Rh3+ 59. Kd2 Kd4 60. Be2 Rh2 61. Kd1 Ke3 62. Bc4 Rd2+ 63. Kc1 Rg2 64. Kd1 Kd4 65. Bf7 Rh2 66. Bg6 Rg2 67. Bf5 Ke3 68. Kc1 Rf2 69. Be6 Kd4 70. Kb1 Kc3 71. Bd5 Rb2+ 72. Ka1 Rd2 73. Be4 Kb3 74. Bb1 Re2 75. Bd3 Re5 76. Bg6 Rb5 77. Bf7+ Kc3 78. Bg6 Rg5 79. Bf7 Rf5 80. Bg6 Rf6 81. Bh7 Kb3 82. Bg8+ Ka3 83. Kb1 Rf2 84. Be6 Re2 85. Bf7 Kb4 86. Bg8 Kc3 87. Bf7 Rb2+ 88. Ka1 Rb7 89. Bg8 Rg7 90. Be6 Rg5 91. Bf7 Kc2 92. Be6 Re5 93. Bg8 Ra5+ 94. Ba2 Rb5 95. Bg8 Rb1+ 96. Ka2 Rb7 97. Bh7+ Rxh7 0-1


[Site "https://www.chess.com"]

[Event "Titled Tuesday Blitz June 20 Early 2023"]
[White "Akylbek2021"]
[Black "Goryachkina, Aleksandra"]
[BlackFideId "4147103"]
[WhiteElo "2533"]
[BlackElo "2471"]
[Result "0-1"]
[Round "5"]
[TimeControl "180+2"]
[Date "2023.06.20"]
[WhiteClock "0:00:00"]
[BlackClock "0:00:06"]
[Board "79"]

1. e4 c6 2. Nc3 d5 3. Nf3 Bg4 4. h3 Bxf3 5. Qxf3 e6 6. g3 Nf6 7. Bg2 dxe4 8. Nxe4 Nxe4 9. Qxe4 Qd5 10. O-O Qxe4 11. Bxe4 Nd7 12. Rb1 a5 13. Bg2 Bd6 14. d3 O-O 15. a3 Nf6 16. b4 axb4 17. axb4 Nd5 18. Bd2 Ra2 19. Rfc1 Rfa8 20. Be1 h5 21. c4 Ne7 22. c5 Be5 23. b5 Bd4 24. bxc6 bxc6 25. Rb7 Ra1 26. Rbb1 Rxb1 27. Rxb1 Bxc5 28. Bf3 g6 29. Rc1 Bd4 30. Kg2 Ra6 31. Rc4 Bf6 32. Bc3 Bxc3 33. Rxc3 Kg7 34. Rc4 Nd5 35. h4 Kf6 36. Be4 Ke5 37. Rc2 Kd6 38. Rb2 Ra7 39. Rb8 Ke5 40. Rc8 Ra6 41. Rf8 f5 42. Bf3 Ra3 43. Rg8 Kf6 44. Rc8 Ne7 45. Rf8+ Kg7 46. Re8 Kf7 47. Rh8 Rxd3 48. Rh7+ Kf6 49. Rh8 Rd6 50. Rf8+ Kg7 51. Re8 Kf7 52. Ra8 Nd5 53. Ra7+ Kf6 54. Be2 e5 55. Ra8 e4 56. Rf8+ Ke5 57. Ba6 c5 58. Bb7 Kd4 59. Rc8 Nb4 0-1


[Site "https://www.chess.com"]

[Event "Titled Tuesday Blitz June 20 Early 2023"]
[White "Kuzmin, Roman"]
[Black "Agibileg, Uurtsaikh"]
[WhiteFideId "44134932"]
[BlackFideId "4901606"]
[WhiteElo "2122"]
[BlackElo "2353"]
[Result "0-1"]
[Round "5"]
[TimeControl "180+2"]
[Date "2023.06.20"]
[WhiteClock "0:00:48"]
[BlackClock "0:00:05"]
[Board "80"]

1. e4 c5 2. Nf3 e6 3. d4 cxd4 4. Nxd4 Nc6 5. Nc3 Qc7 6. Be3 a6 7. Qd2 Nf6 8. O-O-O Bb4 9. f3 b5 10. Bf4 Ne5 11. Nc6 Qxc6 12. Bxe5 O-O 13. Kb1 Ne8 14. Nd5 Bxd2 15. Ne7+ Kh8 16. Nxc6 Bg5 17. Na5 Be7 18. Be2 d6 19. Nc6 dxe5 20. Nxe7 Nc7 21. Nc6 f6 22. Rd6 a5 23. Rhd1 b4 24. Rd8 Ba6 25. Rxf8+ Rxf8 26. Bxa6 Nxa6 27. Nxa5 Kg8 28. Rd6 Nc7 29. Nc6 Nb5 30. Nxb4 Nxd6 31. a4 Kf7 32. b3 Ke7 33. Kb2 Kd7 34. c4 Rc8 35. Na2 f5 36. Nc3 Nxc4+ 37. bxc4 Rxc4 38. Kb3 Rd4 39. Nb5 Rd2 40. a5 Kc6 41. Na3 Rxg2 42. Nc4 Rxh2 43. a6 fxe4 44. fxe4 h5 45. Nd6 Kb6 46. Nc4+ Kxa6 47. Nxe5 g5 48. Kc3 g4 49. Kd3 g3 50. Ke3 h4 51. Ng4 Ra2 52. Kf3 Ra3+ 53. Kg2 Ra2+ 54. Kh3 g2 55. Kh2 h3 56. Ne5 Ra1 57. Nf3 Rh1+ 58. Kg3 g1=Q+ 59. Kf4 0-1


[Site "https://www.chess.com"]

[Event "Titled Tuesday Blitz June 20 Early 2023"]
[White "Jaracz, Pawel"]
[Black "Rizzo, Tobias"]
[WhiteFideId "1102222"]
[BlackFideId "30942691"]
[WhiteElo "2454"]
[BlackElo "2484"]
[Result "1-0"]
[Round "5"]
[TimeControl "180+2"]
[Date "2023.06.20"]
[WhiteClock "0:01:13"]
[BlackClock "0:00:00"]
[Board "81"]

1. d4 Nf6 2. c4 g6 3. Nc3 d5 4. Nf3 Bg7 5. Bg5 c6 6. e3 O-O 7. Rc1 a5 8. Bxf6 Bxf6 9. cxd5 cxd5 10. Qb3 e6 11. Bb5 Nc6 12. O-O Bd7 13. Na4 Qe7 14. a3 Rfd8 15. Nb6 Rab8 16. Nxd7 Qxd7 17. Qa4 Rdc8 18. Rc5 Qd6 19. Rfc1 Ne7 20. Rxc8+ Rxc8 21. Rxc8+ Nxc8 22. Qxa5 Bd8 23. Qc3 Nb6 24. g3 h5 25. h4 Kg7 26. Kg2 Be7 27. Ne5 Bf6 28. Nd3 Nd7 29. f4 Nb8 30. b4 Qb6 31. a4 Nc6 32. Bxc6 bxc6 33. Nc5 Be7 34. Kf3 Kh7 35. Nd3 Qa6 36. a5 Bd6 37. Kf2 Qb5 38. Qb3 Kg7 39. Ke1 Qc4 40. Qxc4 dxc4 41. a6 Bb8 42. Ne5 1-0


[Site "https://www.chess.com"]

[Event "Titled Tuesday Blitz June 20 Early 2023"]
[White "Skaric, Djuro"]
[Black "Haug, Havard"]
[WhiteFideId "934569"]
[BlackFideId "1547887"]
[WhiteElo "2282"]
[BlackElo "2396"]
[Result "1/2-1/2"]
[Round "5"]
[TimeControl "180+2"]
[Date "2023.06.20"]
[WhiteClock "0:01:58"]
[BlackClock "0:01:27"]
[Board "82"]

1. g3 h5 2. d4 Nf6 3. Nf3 g6 4. c4 Bg7 5. Nc3 O-O 6. Bg2 d6 7. O-O Nc6 8. h3 e5 9. Be3 exd4 10. Nxd4 Bd7 11. Rb1 Re8 12. b4 Nxd4 13. Bxd4 Bc6 14. Nd5 Bxd5 15. cxd5 Ne4 16. Bxg7 Kxg7 17. Qd4+ Qf6 18. Qxf6+ Nxf6 19. e3 a5 20. Rfc1 Rec8 21. bxa5 Rxa5 22. Rxb7 Rxa2 23. Rcxc7 Rxc7 24. Rxc7 Ra1+ 25. Kh2 Ra2 26. Kg1 Ra1+ 27. Kh2 1/2-1/2


[Site "https://www.chess.com"]

[Event "Titled Tuesday Blitz June 20 Early 2023"]
[White "Tsukerman, Julia"]
[Black "Kvaloy, Aksel Bu"]
[WhiteFideId "2621649"]
[BlackFideId "1528815"]
[WhiteElo "1667"]
[BlackElo "2318"]
[Result "0-1"]
[Round "5"]
[TimeControl "180+2"]
[Date "2023.06.20"]
[WhiteClock "0:00:19"]
[BlackClock "0:02:28"]
[Board "83"]

1. e4 e5 2. Nf3 Nf6 3. Nxe5 Nc6 4. Nxc6 dxc6 5. d3 Bc5 6. Be2 h5 7. Bg5 Qd4 8. O-O Ng4 9. c3 Qe5 10. Bxg4 hxg4 11. g3 Qxg5 12. d4 Qh5 0-1


[Site "https://www.chess.com"]

[Event "Titled Tuesday Blitz June 20 Early 2023"]
[White "Kovacsy, Barnabas"]
[Black "Demidov, Mikhail"]
[WhiteFideId "769290"]
[BlackFideId "4197143"]
[WhiteElo "2130"]
[BlackElo "2500"]
[Result "1/2-1/2"]
[Round "5"]
[TimeControl "180+2"]
[Date "2023.06.20"]
[WhiteClock "0:00:10"]
[BlackClock "0:00:08"]
[Board "84"]

1. e4 g6 2. d4 Bg7 3. Nf3 a6 4. Bd3 d6 5. O-O Nf6 6. h3 O-O 7. Re1 Nc6 8. Nc3 e6 9. Bg5 h6 10. Bh4 Ne7 11. e5 Nd7 12. Ne4 d5 13. Nf6+ Kh8 14. Qd2 c5 15. c3 b6 16. Bc2 Qc7 17. Qd3 a5 18. Nh5 Ba6 19. Qd2 gxh5 20. Bxe7 Rg8 21. Bf6 Nxf6 22. exf6 Bf8 23. Ne5 Ra7 24. Rac1 Qd8 25. Qf4 Bb5 26. b3 a4 27. c4 Be8 28. dxc5 bxc5 29. Rcd1 axb3 30. axb3 Ra2 31. Bb1 Rb2 32. cxd5 exd5 33. Qf5 Rxb1 34. Rxb1 Rg5 35. Qf4 Qc8 36. h4 Rf5 37. Qe3 Rxf6 38. Ng6+ fxg6 39. Qxe8 Qf5 40. Rb2 Kh7 41. Ra2 Rf7 42. g3 d4 43. Rae2 Kg7 44. Qe5+ Qxe5 45. Rxe5 Rb7 46. Rb1 Kf7 47. Re4 Bg7 48. Rc1 Bf8 49. Rb1 Bg7 50. Rc1 Bf8 51. Rb1 1/2-1/2


[Site "https://www.chess.com"]

[Event "Titled Tuesday Blitz June 20 Early 2023"]
[White "Christiansen, Johan-Sebastian"]
[Black "Kochiev, Ivan"]
[WhiteFideId "1512668"]
[BlackFideId "2917890"]
[WhiteElo "2531"]
[BlackElo "2287"]
[Result "1-0"]
[Round "5"]
[TimeControl "180+2"]
[Date "2023.06.20"]
[WhiteClock "0:00:54"]
[BlackClock "0:00:02"]
[Board "85"]

1. e4 c5 2. Nf3 d6 3. Nc3 Nc6 4. Bc4 Nf6 5. d3 g6 6. h3 Bg7 7. a3 O-O 8. O-O a6 9. Bg5 e6 10. Re1 b5 11. Ba2 Bb7 12. Qd2 Rc8 13. Qf4 Nd4 14. Rac1 Nxf3+ 15. Qxf3 h6 16. Bh4 g5 17. Bg3 Qa5 18. Bxd6 Rfe8 19. Be5 Nd7 20. Bxg7 Kxg7 21. Qg3 b4 22. Nb1 Nf6 23. Qe5 Kg6 24. Bb3 Nd7 25. Qd6 Nb6 26. axb4 cxb4 27. Nd2 Rc6 28. Qg3 Qc5 29. h4 a5 30. Nf3 a4 31. Ne5+ Kg7 32. hxg5 h5 33. Qf4 Rc7 34. Qf6+ Kg8 35. g6 Qe7 36. gxf7+ 1-0


[Site "https://www.chess.com"]

[Event "Titled Tuesday Blitz June 20 Early 2023"]
[White "Garcia, Erick"]
[Black "Hambleton, Aman"]
[WhiteFideId "2058880"]
[BlackFideId "2606577"]
[WhiteElo "2202"]
[BlackElo "2511"]
[Result "1-0"]
[Round "5"]
[TimeControl "180+2"]
[Date "2023.06.20"]
[WhiteClock "0:00:31"]
[BlackClock "0:00:00"]
[Board "86"]

1. d4 e5 2. dxe5 Nc6 3. Nf3 Qe7 4. Bf4 Qb4+ 5. Bd2 Qxb2 6. Nc3 Bb4 7. Rb1 Qxc3 8. Bxc3 Bxc3+ 9. Nd2 Nxe5 10. e3 Nf6 11. Bd3 O-O 12. O-O d5 13. h3 b6 14. Nf3 Nxf3+ 15. Qxf3 Be5 16. c4 Be6 17. Qe2 Rfe8 18. cxd5 Bxd5 19. Bc4 Bxc4 20. Qxc4 a5 21. Rfd1 Re6 22. Rd3 Rae8 23. Rbd1 Bd6 24. Qb5 Ne4 25. g3 g6 26. Kg2 Kg7 27. Rd4 Nc3 28. Qd3 Nxd1 29. Qxd1 Re5 30. h4 h5 31. a4 Kg8 32. Qd3 R5e6 33. e4 Bc5 34. Rc4 Rd6 35. Qf3 Rd2 36. Rxc5 bxc5 37. Qc3 Rd4 38. Qxc5 Rxa4 39. Qxc7 Rexe4 40. Qc8+ Kg7 41. Qc3+ Kg8 42. Qf3 Rab4 43. Qf6 Re8 44. Qc6 Reb8 45. Qa6 R4b5 46. Qa7 R8b6 47. f3 Kg7 48. g4 Rb2+ 49. Kg3 hxg4 50. fxg4 R2b3+ 51. Kg2 Rb2+ 52. Kg3 R6b3+ 53. Kf4 Rb4+ 54. Kg3 R2b3+ 55. Kh2 a4 56. h5 Rb2+ 57. Kg3 R2b3+ 58. Kh4 gxh5 59. Kxh5 Rh3+ 60. Kg5 Rhb3 61. Qe7 Rb5+ 62. Kh4 a3 63. Qe4 Rb6 64. Qd4+ Kg8 65. Qd8+ Kh7 66. Qf8 Rh6+ 67. Kg5 Rg6+ 68. Kf4 Rf6+ 69. Kg5 Rg6+ 70. Kf4 Rg7 71. Qa8 Rb4+ 72. Kf5 Rb5+ 73. Kf4 Rb4+ 74. Kf5 Rbxg4 75. Qxa3 R7g6 76. Qf8 R4g5+ 77. Kf4 Rg7 78. Qc8 Rh5 79. Qd8 f5 80. Kf3 Rf7 81. Qd6 Rh6 82. Qd8 Kg7 83. Qe8 Rg6 84. Qe5+ Kh7 85. Qh2+ Kg8 86. Qe5 Rg4 87. Qe8+ Kg7 88. Qe5+ Kh7 89. Qh2+ Kg6 90. Qd6+ Rf6 91. Qe7 Re4 92. Qd8 Rf7 93. Qg8+ Rg7 94. Qf8 Re6 95. Qc8 Rge7 96. Qg8+ Kf6 97. Qh8+ Kg6 98. Qg8+ Kh6 99. Qh8+ Rh7 100. Qf8+ Kh5 101. Qxf5+ Kh6 102. Qxe6+ Kh5 103. Kf4 1-0


[Site "https://www.chess.com"]

[Event "Titled Tuesday Blitz June 20 Early 2023"]
[White "Lucas, Arthur"]
[Black "Zemlyanskii, Ivan"]
[WhiteFideId "26093073"]
[BlackFideId "24249971"]
[WhiteElo "2251"]
[BlackElo "2421"]
[Result "0-1"]
[Round "5"]
[TimeControl "180+2"]
[Date "2023.06.20"]
[WhiteClock "0:00:05"]
[BlackClock "0:01:15"]
[Board "87"]

1. e4 c5 2. Nf3 e6 3. d4 cxd4 4. Nxd4 Nf6 5. Nc3 Nc6 6. Nxc6 bxc6 7. e5 Nd5 8. Ne4 Qc7 9. f4 Rb8 10. c4 Bb4+ 11. Ke2 O-O 12. cxd5 cxd5 13. Ng5 d6 14. Qd3 g6 15. Nf3 dxe5 16. Nxe5 f6 17. Nf3 Qd6 18. Kf2 Bc5+ 19. Kg3 e5 20. Be3 Bxe3 21. Qxe3 Rb4 22. Nxe5 fxe5 23. Qxe5 Qxe5 24. fxe5 Rg4+ 25. Kh3 Rg5+ 26. Kh4 h6 27. h3 Rf4+ 28. g4 Rf3 29. Bg2 Rh5+ 30. gxh5 g5# 0-1


[Site "https://www.chess.com"]

[Event "Titled Tuesday Blitz June 20 Early 2023"]
[White "Lehtosaari, Mauri"]
[Black "Pakleza, Zbigniew"]
[WhiteFideId "501999"]
[BlackFideId "1119290"]
[WhiteElo "2506"]
[BlackElo "2410"]
[Result "0-1"]
[Round "5"]
[TimeControl "180+2"]
[Date "2023.06.20"]
[WhiteClock "0:00:23"]
[BlackClock "0:00:42"]
[Board "88"]

1. d4 d6 2. Nf3 Bg4 3. Nbd2 Nf6 4. h3 Bh5 5. c4 c6 6. Qb3 Qb6 7. e3 e6 8. Bd3 Be7 9. Ne4 Nbd7 10. Bd2 O-O 11. Nxf6+ Nxf6 12. Be2 Ne4 13. Bc3 d5 14. c5 Qc7 15. Qc2 b6 16. b4 a5 17. a3 axb4 18. axb4 Rxa1+ 19. Bxa1 Ra8 20. O-O b5 21. Bb2 f6 22. Re1 Ra4 23. Qb3 Qa7 24. Bd1 Ra2 25. Bc2 Bxf3 26. gxf3 Nd2 27. Bxh7+ Kf8 28. Kg2 Nxb3 0-1


[Site "https://www.chess.com"]

[Event "Titled Tuesday Blitz June 20 Early 2023"]
[White "Shuvalov, Evgenij"]
[Black "Oro, Faustino"]
[WhiteFideId "4187237"]
[BlackFideId "20000197"]
[WhiteElo "2080"]
[BlackElo "1984"]
[Result "0-1"]
[Round "5"]
[TimeControl "180+2"]
[Date "2023.06.20"]
[WhiteClock "0:00:51"]
[BlackClock "0:00:23"]
[Board "89"]

1. d4 Nf6 2. c4 e6 3. Nc3 Bb4 4. e3 O-O 5. a3 Bxc3+ 6. bxc3 d5 7. cxd5 exd5 8. f3 Re8 9. Bd3 c5 10. Ne2 b6 11. O-O Ba6 12. Ng3 Bxd3 13. Qxd3 Nc6 14. Bb2 h5 15. Rae1 h4 16. Nf5 h3 17. Ng3 hxg2 18. Kxg2 cxd4 19. cxd4 Rc8 20. e4 Na5 21. e5 Nh7 22. f4 Qd7 23. f5 Qa4 24. Re2 Qb3 25. Qa6 Rc2 26. Rff2 Rxe2 27. Rxe2 Ng5 28. Rf2 Ne4 29. Nxe4 dxe4 30. Qxa7 Nc4 31. Bc1 e3 32. Re2 Qd3 33. Re1 Qc2+ 34. Kh1 Qe4+ 35. Kg1 Qg4+ 36. Kh1 Qf3+ 37. Kg1 Qf2+ 38. Kh1 Qxe1+ 39. Kg2 Qxc1 0-1


[Site "https://www.chess.com"]

[Event "Titled Tuesday Blitz June 20 Early 2023"]
[White "Cherniaiev, Tykhon"]
[Black "Goltseva, Ekaterina"]
[WhiteFideId "14182360"]
[BlackFideId "24173770"]
[WhiteElo "2450"]
[BlackElo "2114"]
[Result "1-0"]
[Round "5"]
[TimeControl "180+2"]
[Date "2023.06.20"]
[WhiteClock "0:00:40"]
[BlackClock "0:00:15"]
[Board "90"]

1. Nf3 Nf6 2. d4 d5 3. c4 dxc4 4. Nc3 a6 5. a4 Nc6 6. e4 Bg4 7. d5 Ne5 8. Bf4 Bxf3 9. gxf3 Ng6 10. Bg3 e5 11. dxe6 fxe6 12. Bxc4 Qxd1+ 13. Rxd1 e5 14. O-O c6 15. Ne2 Nh5 16. Be6 Bc5 17. Bg4 Nf6 18. Bf5 Ne7 19. Be6 Ng6 20. f4 Nxe4 21. fxe5 Nxg3 22. Nxg3 Nf4 23. Bb3 Ke7 24. Nf5+ Kf8 25. Rd7 Re8 26. Rf7+ Kg8 27. Rxg7+ Kf8 28. Rf7+ Kg8 29. Nh6# 1-0


[Site "https://www.chess.com"]

[Event "Titled Tuesday Blitz June 20 Early 2023"]
[White "Czerw, Dawid"]
[Black "splendidkid"]
[WhiteFideId "1145746"]
[WhiteElo "2144"]
[BlackElo "2735"]
[Result "1-0"]
[Round "5"]
[TimeControl "180+2"]
[Date "2023.06.20"]
[WhiteClock "0:01:24"]
[BlackClock "0:01:31"]
[Board "91"]

1. e4 c5 2. Nf3 d6 3. Bb5+ Nd7 4. O-O a6 5. Bd3 Ngf6 6. c3 b5 7. a4 Bb7 8. Re1 c4 9. Bc2 Nc5 10. d4 Ncxe4 11. axb5 axb5 12. Rxa8 Qxa8 13. Na3 Ba6 14. Qe2 d5 15. Ne5 e6 16. f3 Bxa3 17. fxe4 Be7 18. exd5 Qxd5 19. Bd1 h6 20. Qf2 Bb7 21. Bf3 O-O 22. Bxd5 Nxd5 23. Qg3 Kh7 24. Rf1 Nf6 25. Ng4 Ne4 26. Qc7 1-0


[Site "https://www.chess.com"]

[Event "Titled Tuesday Blitz June 20 Early 2023"]
[White "Ginzburg, Yakov"]
[Black "Aradhya, Garg"]
[WhiteFideId "4157176"]
[BlackFideId "25006746"]
[WhiteElo "2305"]
[BlackElo "2263"]
[Result "0-1"]
[Round "5"]
[TimeControl "180+2"]
[Date "2023.06.20"]
[WhiteClock "0:00:03"]
[BlackClock "0:01:13"]
[Board "92"]

1. e4 e5 2. Nf3 Nc6 3. Bb5 a6 4. Bxc6 dxc6 5. O-O Bd6 6. d4 exd4 7. Qxd4 f6 8. Nbd2 Be6 9. Rd1 Ne7 10. h3 Ng6 11. Nc4 Bxc4 12. Qxc4 Bh2+ 13. Kxh2 Qxd1 14. Qe6+ Ne7 15. Bh6 Qxa1 16. Bxg7 Qd1 17. Bxh8 Qd6+ 18. Qxd6 cxd6 19. Bxf6 Kf7 20. Bc3 Ng6 21. Ng5+ Kg8 22. g3 Re8 23. h4 h6 24. h5 hxg5 25. hxg6 Rxe4 26. Kh3 d5 27. f3 Re6 28. g7 c5 29. Kg4 d4 30. Bd2 Kxg7 31. Bxg5 Re2 32. f4 Rxc2 33. f5 Rxb2 34. Kh5 d3 35. f6+ Kf7 0-1


[Site "https://www.chess.com"]

[Event "Titled Tuesday Blitz June 20 Early 2023"]
[White "Nazari, Arad"]
[Black "Aggelis, Nikolaos"]
[WhiteFideId "12577324"]
[BlackFideId "4213220"]
[WhiteElo "2175"]
[BlackElo "2189"]
[Result "1-0"]
[Round "5"]
[TimeControl "180+2"]
[Date "2023.06.20"]
[WhiteClock "0:00:08"]
[BlackClock "0:00:08"]
[Board "93"]

1. e4 c6 2. Nf3 d5 3. Nc3 dxe4 4. Nxe4 Bg4 5. h3 Bxf3 6. Qxf3 e6 7. b3 Nf6 8. Bb2 Nxe4 9. Qxe4 Nd7 10. O-O-O Nf6 11. Qe3 Qa5 12. Kb1 Ba3 13. Ba1 O-O-O 14. Bc3 Bb4 15. Bxb4 Qxb4 16. Qxa7 Kc7 17. a3 Qf4 18. Qa5+ Kb8 19. f3 Rd5 20. Qc3 Rhd8 21. Kc1 Qg3 22. Bc4 Rd4 23. Rhg1 Nh5 24. Qe3 b5 25. Bd3 Nf4 26. Be4 Kb7 27. c3 R4d6 28. Qc5 Nd3+ 29. Bxd3 Rxd3 30. Kc2 Qg6 31. Kc1 Qg3 32. a4 R3d5 33. Qe7+ R8d7 34. Qb4 Qf2 35. c4 Rxd2 36. Rxd2 Qxg1+ 37. Kc2 Rxd2+ 38. Qxd2 bxc4 39. Qd7+ Kb6 40. Qd8+ Kb7 41. Qe7+ Kc8 42. Qf8+ Kb7 43. Qxf7+ Kb6 44. Qxg7 cxb3+ 45. Kxb3 Qd1+ 46. Ka3 Qd3+ 47. Ka2 Qc2+ 48. Qb2+ Qxb2+ 49. Kxb2 Ka5 50. Kb3 e5 51. g4 h6 52. h4 c5 53. g5 hxg5 54. hxg5 c4+ 55. Kxc4 Kxa4 56. g6 1-0


[Site "https://www.chess.com"]

[Event "Titled Tuesday Blitz June 20 Early 2023"]
[White "Veiga, Jose Francisco R P Neves"]
[Black "Khamdamova, Afruza"]
[WhiteFideId "1930087"]
[BlackFideId "14210444"]
[WhiteElo "2319"]
[BlackElo "2312"]
[Result "1-0"]
[Round "5"]
[TimeControl "180+2"]
[Date "2023.06.20"]
[WhiteClock "0:00:36"]
[BlackClock "0:00:00"]
[Board "94"]

1. c4 e6 2. Nc3 d5 3. d4 Nf6 4. Bg5 Be7 5. e3 O-O 6. Nf3 h6 7. Bh4 b6 8. cxd5 Nxd5 9. Bxe7 Qxe7 10. Nxd5 exd5 11. Bd3 c5 12. dxc5 bxc5 13. O-O Be6 14. Rc1 Nd7 15. Qa4 a5 16. Qa3 Rfc8 17. Nd4 Rab8 18. Nb3 a4 19. Nd4 Nf8 20. Rc2 Qa7 21. Nf3 c4 22. Be2 Bf5 23. Rd2 Be4 24. Nd4 Nd7 25. Bg4 Rd8 26. Bxd7 Qxd7 27. f3 Bg6 28. Rfd1 Bd3 29. b3 axb3 30. axb3 Qe8 31. Kf2 Rdc8 32. Qd6 Rd8 33. Qf4 Rdc8 34. h4 Qe7 35. Kg1 g5 36. hxg5 hxg5 37. Nc6 gxf4 38. Nxe7+ Kf8 39. Nxc8 fxe3 40. Rxd3 cxd3 41. Rxd3 Rxc8 42. Rxe3 Rc1+ 43. Kh2 Rc6 44. g4 d4 45. Rd3 Rd6 46. Kg3 Ke7 47. Kf4 Rf6+ 48. Ke4 Re6+ 49. Kxd4 Rd6+ 50. Ke4 Re6+ 51. Kf4 Rf6+ 52. Kg3 Re6 53. b4 Ra6 54. b5 Rb6 55. Rb3 Ke6 56. Kf4 Kf6 57. Ke4 Ke6 58. g5 Kd6 59. Kd4 Rb7 60. f4 Rb6 61. f5 Rb7 62. b6 1-0


[Site "https://www.chess.com"]

[Event "Titled Tuesday Blitz June 20 Early 2023"]
[White "Rahman, Masruri"]
[Black "Rios Escobar, Adan"]
[WhiteFideId "7101163"]
[BlackFideId "3403645"]
[WhiteElo "2256"]
[BlackElo "2490"]
[Result "1-0"]
[Round "5"]
[TimeControl "180+2"]
[Date "2023.06.20"]
[WhiteClock "0:00:08"]
[BlackClock "0:00:06"]
[Board "95"]

1. d4 Nf6 2. Bf4 b6 3. e3 g6 4. Nd2 Bg7 5. Ngf3 Bb7 6. h3 d6 7. Be2 Nbd7 8. O-O O-O 9. Bh2 a5 10. a4 Ne4 11. c3 Qe8 12. Nxe4 Bxe4 13. Nd2 Bb7 14. Bf3 Qb8 15. Re1 Ra7 16. Bxb7 Qxb7 17. e4 e5 18. dxe5 Nxe5 19. Bxe5 Bxe5 20. Nc4 Bg7 21. Qd5 Rb8 22. Na3 Be5 23. g3 c6 24. Qd3 b5 25. axb5 cxb5 26. f4 Qb6+ 27. Kg2 Bf6 28. Rad1 Ra6 29. Qd5 h5 30. g4 hxg4 31. hxg4 Qc6 32. g5 Bg7 33. Re3 b4 34. Nc4 bxc3 35. bxc3 a4 36. Ra1 Rb5 37. Qxc6 Rxc6 38. Rxa4 Rbc5 39. Ra8+ Bf8 40. Na5 Rxc3 41. Nxc6 Rxe3 42. Re8 Kg7 43. Kf2 Rc3 44. Nb8 d5 45. exd5 Bd6 46. Nc6 Bxf4 47. Ke2 Bxg5 48. Re4 f5 49. Re6 Bf6 50. Nb8 Rc5 51. Nd7 Rxd5 52. Nxf6 Rc5 53. Nd7 Rc3 54. Ne5 Rg3 55. Kf2 f4 56. Nf3 g5 57. Re5 Kf6 58. Re4 Kf5 59. Re5+ Kf6 60. Rb5 g4 61. Nd4 f3 62. Rf5+ Kg6 63. Kxg3 f2 64. Rxf2 Kg5 65. Rf4 Kg6 66. Rxg4+ Kh6 67. Nf3 Kh5 68. Kf4 Kh6 69. Kf5 Kh5 70. Rh4# 1-0


[Site "https://www.chess.com"]